 Dungeon Crawl Stone Soup version 0.29.0-5-ge4962eb29e (webtiles) character file.

Game seed: 12759557275095667951

6029 Shayle the Nimble (level 10, -13/64 HPs)
             Began as a Tengu Brigand on Aug 28, 2022.
             Was a Follower of Vehumet.
             Mangled by a blink frog (15 damage)
             ... on level 1 of the Lair of Beasts.
             The game lasted 00:34:28 (8560 turns).

Shayle the Nimble (Tengu Brigand)                   Turns: 8560, Time: 00:34:29

Health: -13/64     AC:  5    Str: 11    XL:     10   Next: 86%
Magic:  16/21      EV: 19    Int: 15    God:    Vehumet [*.....]
Gold:   101        SH:  4    Dex: 17    Spells: 10/22 levels left

rFire   . . .      SeeInvis .   p - +8 long sword (protect)
rCold   . . .      Faith    .   H - +0 buckler
rNeg    . . .      Spirit   .   b - +0 robe
rPois   +          Reflect  .   (helmet restricted)
rElec   .          Harm     .   c - +2 cloak
rCorr   .          Rampage  .   (no gloves)
Will    .....                   (boots unavailable)
Stlth   ++++......              (no amulet)
HPRegen 0.20/turn               w - ring of poison resistance
MPRegen 0.17/turn               (no ring)

@: flying quickly and evasively, very slightly contaminated, quick
A: beak, talons 3, nimble flight
a: Renounce Religion


You were on level 1 of the Lair of Beasts.
You worshipped Vehumet.
Vehumet was aware of your devotion.
You visited 3 branches of the dungeon, and saw 13 of its levels.
You also visited: Sewer and Bailey.

You collected 458 gold pieces.
You spent 357 gold pieces at shops.

Inventory:

Hand Weapons
 a - a +2 dagger
 f - a +1 whip of freezing
 p - a +8 long sword of protection (weapon)
 B - a +0 broad axe
Missiles
 d - 30 poisoned darts
 e - a curare-tipped dart (quivered)
Armour
 b - a +0 robe (worn)
 c - a +2 cloak (worn)
 H - a +0 buckler (worn)
Jewellery
 r - a ring of ice
 w - a ring of poison resistance (left hand)
 y - a ring of positive energy
 I - a ring of fire
Wands
 v - a wand of roots (2)
 G - a wand of quicksilver (8)
Scrolls
 h - 2 scrolls of enchant armour
 m - 3 scrolls of vulnerability
 u - a scroll of silence
 z - 3 scrolls of immolation
 E - 2 scrolls of summoning
 K - a scroll of identify
 L - a scroll of amnesia
Potions
 g - 2 potions of lignification
 i - 4 potions of curing
 j - a potion of magic {unknown}
 k - 3 potions of ambrosia
 l - a potion of attraction
 n - a potion of mutation
 o - a potion of berserk rage {unknown}
 q - 5 potions of haste
 s - 2 potions of might
 t - a potion of brilliance {unknown}
 A - a potion of resistance {unknown}
 F - 4 potions of heal wounds
Miscellaneous
 J - a phantom mirror


   Skills:
 + Level 8.0 Fighting
 - Level 2.2 Short Blades
 - Level 2.0 Throwing
 - Level 8.1 Dodging
 - Level 8.0 Stealth
 + Level 1.9 Shields
 + Level 6.9 Spellcasting
 + Level 2.5 Conjurations
 + Level 2.0 Fire Magic
 - Level 5.3 Poison Magic


You had 10 spell levels left.
You knew the following spells:

 Your Spells              Type           Power      Damage    Failure   Level
a - Sting                 Tmut/Pois      52%        1d5       6%          1
b - Poisonous Vapours     Pois/Air       26%        N/A       9%          2
c - Fireball              Conj/Fire      6%         3d5       88%         5
d - Olgreb's Toxic Radia  Pois           21%        N/A       21%         4

Your spell library contained the following spells:

 Spells                   Type           Power      Damage    Failure   Level
 Sandblast                Erth           10%        2d5       19%         1
 Iskenderun's Battlesphe  Conj           12%        2d7       86%         5
 Summon Ice Beast         Ice/Summ       5%         N/A       87%         4
 Summon Mana Viper        Hex/Summ       5%         N/A       99%         5
 Conjure Ball Lightning   Conj/Air       4%         3x3d6     100%        6
 Monstrous Menagerie      Summ           2%         N/A       100%        7
 Orb of Destruction       Conj           6%         9d6       100%        7


Dungeon Overview and Level Annotations

Branches:
Dungeon (11/15)            Temple (1/1) D:7            Lair (1/5) D:8
  Sewer (visited)          Bailey (visited)
    Orc: D:9-12

Altars:
Cheibriados
Fedhas
Kikubaaqudgha
Makhleb
Uskayaw
Vehumet
Yredelemnul
Zin

Shops:
D:3 (   D:6 **


Innate Abilities, Weirdness & Mutations

You have a beak for a mouth.
You have claws for feet.
Your magical nature lets you fly swiftly and evasively.


Message History

The blink frog barely misses you. The blink frog completely misses you.
You miss the blink frog.
The blink frog is moderately wounded.
The blink frog misses you.
The blink frog blinks! x2; The blink frog hits you!
The blink frog blinks!
The blink frog blinks! x2
The blink frog blinks!
Casting: Poisonous Vapours (safe; 9% risk of failure)
Confirm with . or Enter, or press ? or * to list all spells.
Aiming: Poisonous Vapours (safe; 9% risk of failure)
Press: ? - help, Dir - move target, f - blink frog
Aim: a blink frog You miscast Poisonous Vapours.
You are very lightly contaminated with residual magic.
Nothing appears to happen.
The blink frog blinks!
The blink frog hits you!
The blink frog blinks!
Casting: Poisonous Vapours (safe; 9% risk of failure)
Confirm with . or Enter, or press ? or * to list all spells.
Aiming: Poisonous Vapours (safe; 9% risk of failure)
Press: ? - help, Dir - move target, f/p - blink frog
Aim: a blink frog Poisonous vapours surround the blink frog!
The blink frog is poisoned.
The blink frog hits you!
The blink frog blinks!
You miss the blink frog. Your kick misses the blink frog.
The blink frog is almost dead.
The blink frog closely misses you. The blink frog hits you!
* * * LOW HITPOINT WARNING * * *
Unknown command.
Casting: Poisonous Vapours (safe; 9% risk of failure)
Confirm with . or Enter, or press ? or * to list all spells.
Aiming: Poisonous Vapours (safe; 9% risk of failure)
Press: ? - help, Dir - move target, f - blink frog, p - blink frog
Aim: a blink frog (almost dead) Poisonous vapours surround the blink frog!
The blink frog is poisoned.
You block the blink frog's attack. The blink frog hits you!
* * * LOW HITPOINT WARNING * * *
You barely miss the blink frog. Your kick misses the blink frog.
Your peck misses the blink frog. The blink frog hits you!
You die...

#..####..# #..#
#........## #..#
#.........# #..#
#...#.#...####..##
##..####..........#
#...# #.........##
##..## #.........#
##.FF# #.........##
#...@# #.........P#
#P..## #.......S.##
##..# #.........#
#...# #.........##
....... .........#
........... ........##
######...###.........#
#..## ........# #..#
.P###...#


You could see 2 blink frogs.

Vanquished Creatures
  2 vault guards (Bailey)
  A two-headed ogre (D:8)
  A cane toad (Lair:1)
  Prince Ribbit (Bailey)
  7 humans (Bailey)
  2 water moccasins
  An orc warrior (D:8)
  2 black bears
  3 ogres
  A kobold brigand (Sewer)
  A gnoll sergeant (D:7)
  A necrophage (D:6)
  16 bullfrogs
  2 scorpions (D:6)
  2 jellies
  A bullfrog zombie (D:5)
  2 orc priests
  3 hounds
  6 iguanas
  3 orc wizards
  4 gnolls
  A howler monkey skeleton (D:5)
  6 adders
  5 river rats
  A white imp (D:6)
  2 ufetubi (D:5)
  An adder skeleton (D:5)
  A worm (D:4)
  3 dart slugs
  18 orcs
  6 bats
  6 endoplasms
  2 giant cockroaches
  9 goblins
  6 hobgoblins
  6 jackals
  3 quokkas
  9 ball pythons
  4 frilled lizards
  12 kobolds
  3 rats
166 creatures vanquished.

Vanquished Creatures (others)
  32 fungi
  33 plants
  2 withered plants (D:5)
67 creatures vanquished.

Grand Total: 233 creatures vanquished

Notes
Turn   | Place    | Note
-------+----------+-------------------------------------------
     0 | D:1      | Shayle the Tengu Brigand began the quest for the Orb.
     0 | D:1      | Reached XP level 1. HP: 12/12 MP: 2/2
   120 | D:1      | Reached XP level 2. HP: 17/17 MP: 3/3
   542 | D:2      | Reached XP level 3. HP: 21/21 MP: 4/4
   812 | D:2      | Reached skill level 1 in Spellcasting
  1173 | D:2      | Reached XP level 4. HP: 25/27 MP: 6/6
  1347 | D:3      | Found Fyde's Weapon Shop.
  1352 | D:3      | Found a basalt altar of Yredelemnul.
  1529 | D:3      | Found a faded altar of an unknown god.
  1534 | D:3      | Found a burning altar of Makhleb.
  1756 | D:3      | Found an ancient bone altar of Kikubaaqudgha.
  1758 | D:3      | Found a hide-covered altar of Uskayaw.
  1917 | D:4      | Reached skill level 5 in Stealth
  1917 | D:4      | Gained mutation: Your magical nature lets you fly swiftly
                  | and evasively. [Tengu growth]
  1917 | D:4      | Reached XP level 5. HP: 13/32 MP: 8/8
  1958 | D:4      | Found a glowing drain.
  1962 | Sewer    | Entered a sewer
  2201 | Sewer    | Noticed a kobold brigand
  2224 | Sewer    | Killed a kobold brigand
  2225 | Sewer    | Reached XP level 6. HP: 25/37 MP: 8/10
  2266 | Sewer    | Found a white marble altar of Elyvilon.
  2549 | D:4      | Noticed a black bear
  2551 | D:4      | Noticed a water moccasin
  2566 | D:4      | Killed a black bear
  2643 | D:4      | Killed a water moccasin
  2644 | D:4      | Reached XP level 7. HP: 14/42 MP: 11/11
  3007 | D:4      | Found a glowing silver altar of Zin.
  3402 | D:5      | Entered Level 5 of the Dungeon
  3724 | D:5      | Found a radiant altar of Vehumet.
  3758 | D:5      | Became a worshipper of Vehumet
  3844 | D:5      | Reached XP level 8. HP: 48/48 MP: 13/13
  3892 | D:5      | Learned a level 1 spell: Sting
  4285 | D:5      | Found a snail-covered altar of Cheibriados.
  4700 | D:5      | Learned a level 2 spell: Poisonous Vapours
  4959 | D:6      | Reached skill level 5 in Fighting
  4959 | D:6      | Reached skill level 5 in Dodging
  5039 | D:6      | Found a blossoming altar of Fedhas.
  5501 | D:6      | Reached * piety under Vehumet
  5501 | D:6      | Offered knowledge of Sandblast by Vehumet.
  5551 | D:6      | Found Zelinn's Specific Store.
  5554 | D:6      | Found Esobeuh's General Store.
  5562 | D:6      | Bought a potion of curing for 45 gold pieces
  5562 | D:6      | Bought a wand of roots (7) for 252 gold pieces
  5562 | D:6      | Bought a potion of might for 60 gold pieces
  5776 | D:7      | Reached skill level 1 in Poison Magic
  5776 | D:7      | Reached XP level 9. HP: 31/54 MP: 16/16
  5790 | D:7      | Found a flagged portal.
  5802 | Bailey   | Entered a bailey
  6042 | Bailey   | Reached skill level 5 in Spellcasting
  6700 | Bailey   | Noticed Prince Ribbit
  6700 | Bailey   | Noticed a vault guard
  6723 | Bailey   | Killed Prince Ribbit
  6724 | Bailey   | Reached XP level 10. HP: 58/63 MP: 18/20
  6766 | Bailey   | Killed a vault guard
  7057 | Bailey   | Noticed a vault guard
  7093 | Bailey   | Killed a vault guard
  7094 | Bailey   | Reached skill level 5 in Poison Magic
  7375 | D:7      | Found a staircase to the Ecumenical Temple.
  7392 | Temple   | Entered the Ecumenical Temple
  7696 | D:8      | Learned a level 5 spell: Fireball
  7774 | D:8      | Noticed a two-headed ogre
  7804 | D:8      | Killed a two-headed ogre
  7805 | D:8      | Reached skill level 1 in Shields
  7805 | D:8      | Reached skill level 1 in Conjurations
  7805 | D:8      | Reached skill level 1 in Fire Magic
  7846 | D:8      | You are sucked into a shaft and drop 3 floors!
  7865 | D:10     | Entered Level 10 of the Dungeon
  7962 | D:9      | Noticed a two-headed ogre
  7980 | D:8      | Found a staircase to the Lair.
  7983 | Lair:1   | Entered Level 1 of the Lair of Beasts
  8003 | Lair:1   | Noticed a six-headed hydra
  8239 | Lair:1   | Learned a level 4 spell: Olgreb's Toxic Radiance
  8256 | Lair:1   | Noticed a cane toad
  8288 | Lair:1   | HP: 2/64 [cane toad (18)]
  8289 | Lair:1   | Killed a cane toad
  8348 | Lair:1   | Noticed a six-headed hydra
  8559 | Lair:1   | HP: 2/64 [blink frog (13)]
  8560 | Lair:1   | Mangled by a blink frog

Illustrated notes

Levels and vault maps discovered:
D:1:      lemuel_arrival_cross, layout_rooms, fountainhead,
          minmay_stone_trees_small, minmay_shallow_snake_nest
D:2:      layout_rooms
D:3:      layout_rooms, chequers_temple_overflow_statue_of_worship,
          nicolae_overflow_ecumenical_swirl, old_standard_altar, serial_shops,
          shop
D:4:      layout_gridville, zin_scriptorium, gup_sewer_entry_bowl
D:5:      layout_loops_corners, mainiacjoe_overflow_concentric_impassable,
          cheibriados_altar_1, serial_undead, serial_undead_d, serial_undead_b,
          serial_undead_e, serial_undead_d
D:6:      layout_basic, lemuel_tele_altar, serial_rivers,
          chequers_serial_rivers_micro_a, chequers_serial_rivers_micro_c,
          chequers_serial_rivers_micro_e, chequers_serial_rivers_micro_c,
          chequers_serial_rivers_large_b, nicolae_specific_store
D:7:      layout_gridville, minmay_temple_entry_purple_smoke, enter_bailey_3
D:8:      layout_cave_pools, due_lair_maze_entry_diamond, roderic_lattice_a
D:9:      minmay_the_grid_octo_tiled_octocenter
          [minmay_the_grid_octo_checkerflower, minmay_the_grid_octo_concentric,
          minmay_the_grid_octo_fat_diamond, minmay_the_grid_octo_focus,
          minmay_the_grid_octo_prize_single_spiral,
          minmay_the_grid_square_5x5_three_small,
          minmay_the_grid_square_5x5_shuriken,
          minmay_the_grid_square_5x5_moneybag,
          minmay_the_grid_square_5x5_forky], layout_loops_ring
D:10:     layout_layer_cave, nicolae_overflow_hallway_of_the_gods,
          minmay_protected_statue, uniq_josephine
D:11:     minmay_klotski, layout_long_grid, david_orc_2
Temple:   grunt_temple_mini_profane
Lair:1:   layout_small_grid

Skill      XL: |  1  2  3  4  5  6  7  8  9 10 |
---------------+-------------------------------+-----
Dodging        | 2 3 4 5 7 8 |  8.1
Spellcasting   | 1 2 3 4 6 |  6.9
Stealth        | 5 6 7 8 |  8.0
Fighting       | 3 4 5 7 8 |  8.0
Poison Magic   | 1 4 5 |  5.3
Shields        | 1 |  1.9
Conjurations   | 2 |  2.5
Fire Magic     | 2 |  2.0
Short Blades   | |  2.2
Throwing       | |  2.0

Action                   |  1- 3 |  4- 6 |  7- 9 | 10-12 || total
-------------------------+-------+-------+-------+-------++-------
Melee: Dagger            |    68 |       |       |       ||    68
       Kick              |    12 |    12 |    60 |    18 ||   102
       Peck              |     5 |     6 |    36 |    10 ||    57
       Long sword        |     3 |    75 |   224 |    43 ||   345
       Punch             |       |     2 |     1 |     2 ||     5
Throw: Dart              |       |     1 |    17 |    12 ||    30
 Cast: Poisonous Vapours |       |       |       |    20 ||    20
Evoke: Wand              |       |       |     9 |     1 ||    10
  Use: Scroll            |       |     4 |    13 |     7 ||    24
       Potion            |       |       |     4 |       ||     4
 Stab: Sleeping          |     9 |     4 |     7 |     4 ||    24
Armor: Robe              |    10 |    18 |    81 |     3 ||   112
       Skin              |       |       |    10 |       ||    10
Dodge: Dodged            |    49 |    51 |   255 |    32 ||   387
Block: Buckler           |       |       |       |    10 ||    10
